 Dungeon Crawl Stone Soup version 0.32-a0-660-g97ce250973 (webtiles) character file.

Game seed: 4156856292404524808

18657 GeoRichter the Impaler (level 12, -3/100 HPs)
             Began as a Merfolk Shapeshifter on Mar 9, 2024.
             Was a Priest of Yredelemnul.
             Killed from afar by a fire dragon (19 damage)
             ... with a blast of flame
             ... in a volcano.
             The game lasted 00:27:37 (12783 turns).

GeoRichter the Impaler (Merfolk Shapeshifter)      Turns: 12783, Time: 00:27:37

Health: -3/100     AC: 10    Str: 24    XL:     12   Next: 60%
Magic:  13/18      EV: 17    Int:  9    God:    Yredelemnul [***...]
Gold:   1037       SH:  0    Dex: 18    Spells: 11/11 levels left

rFire   + . .        x - +5 halberd (flame)
rCold   + + .        (shield currently unavailable)
rNeg    . . .        u - +1 ring mail {rC+}
rPois   +            (no helmet)
rElec   +            c - +0 cloak
rCorr   +            h - +1 pair of gloves {Str+3}
SInv    .            (no boots)
Will    .....        (no amulet)
Stlth   +            v - ring of resist corrosion
HPRegen 0.36/turn    s - +6 ring of strength
MPRegen 0.16/turn

%: no passive effects
@: resistant, wreathed by umbra
A: (nimble swimmer 2), mertail
a: Renounce Religion, Light the Black Torch, Recall Undead Harvest, Hurl
Torchlight


You were in a volcano.
You worshipped Yredelemnul.
Yredelemnul was aware of your devotion.
You visited 3 branches of the dungeon, and saw 13 of its levels.
You also visited: Sewer and Volcano.

You collected 1037 gold pieces.

Inventory:

Hand Weapons
 x - a +5 halberd of flaming (weapon)
   (You took it off a wight on level 6 of the Dungeon)
 L - a +1 vampiric trident {!w}
   (You took it off a gnoll sergeant on level 10 of the Dungeon)
Missiles
 I - 5 throwing nets (quivered) {!f}
Armour
 c - a +0 cloak (worn)
   (You took it off Maurice on level 8 of the Dungeon)
 h - a +1 pair of gloves of strength (worn)
   (You found it in a volcano)
 u - a +1 ring mail of cold resistance (worn)
   (You took it off an orc on level 3 of the Dungeon)
 O - the +2 chain mail of Zenaistexi {rF+}
   (You found it on level 11 of the Dungeon)

   rF+:       It protects you from fire.
Jewellery
 i - a ring of wizardry
   (You found it on level 1 of the Dungeon)
 s - a +6 ring of strength (right hand)
   (You found it on level 6 of the Dungeon)
 v - a ring of resist corrosion (left hand)
   (You found it on level 9 of the Dungeon)
Talismans
 d - a flux talisman
 l - a beast talisman
Wands
 w - a wand of warping (4)
   (You found it on level 10 of the Dungeon)
 y - a wand of polymorph (9)
   (You found it on level 6 of the Dungeon)
 B - a wand of paralysis (24)
   (You found it on level 6 of the Dungeon)
 J - a wand of mindburst (13)
   (You found it on level 8 of the Dungeon)
 M - a wand of digging (4)
   (You found it on level 10 of the Dungeon)
Scrolls
 e - 6 scrolls of teleportation {@r4}
 k - a scroll of enchant armour
 m - 4 scrolls of vulnerability {!r}
 t - 2 scrolls of enchant weapon
 D - a scroll of poison {!r}
 F - a scroll of silence
 G - a scroll of amnesia
 K - a scroll of blinking
Potions
 a - 2 potions of curing {@q1}
 b - a potion of lignification {!q}
 f - 3 potions of brilliance
 g - 4 potions of mutation {!q}
 n - 3 potions of might
 o - 3 potions of attraction {!q}
 p - 2 potions of enlightenment {unknown}
 q - 2 potions of resistance
 r - a potion of cancellation {unknown}
 z - a potion of invisibility {unknown}
 A - a potion of magic {unknown}
 E - 2 potions of haste {unknown}
 H - 2 potions of ambrosia {unknown}


   Skills:
 + Level 11.0 Fighting
 - Level 16.0 Polearms
 + Level 3.4 Armour
 + Level 10.4 Dodging
 - Level 3.2 Unarmed Combat
 + Level 8.1 Invocations
 - Level 5.0 Evocations
 - Level 4.0 Shapeshifting


You had 11 spell levels left.
You didn't know any spells.
Your spell library contained the following spells:

 Spells                   Type           Power      Damage    Failure   Level
 Magic Dart               Conj           0%         1d3       52%         1
 Shock                    Conj/Air       0%         1d3       52%         1
 Blink                    Tloc           0%         N/A       67%         2
 Call Imp                 Summ           0%         N/A       67%         2
 Cigotuvi's Dreadful Rot  Necr/Alch/Air  0%         N/A       67%         2
 Swiftness                Air            0%         N/A       88%         3
 Airstrike                Air            0%         2d(0-16)  99%         4
 Dispel Undead            Necr           0%         3d6       99%         4
 Martyr's Knell           Necr/Summ      0%         N/A       99%         4
 Death Channel            Necr           Unusable   N/A       N/A         6

Dungeon Overview and Level Annotations

Branches:
Dungeon (11/15) Zot: 25529  Temple (1/1) D:6 Zot: 5989    Lair (1/5) D:11 Zot: 5859
  Sewer (visited)         Volcano (1/1) Zot: 5482
    Orc: D:9-12

Altars:
Ashenzari
Cheibriados
Dithmenos
Elyvilon
Fedhas
Gozag
Hepliaklqana
Kikubaaqudgha
Makhleb
Nemelex Xobeh
Okawaru
Qazlal
Ru
Sif Muna
Trog
Uskayaw
Vehumet
Wu Jian
Xom
Yredelemnul
Zin
The Shining One

Shops:
D:1 (

Annotations:
D:7 1 runed translucent door, balagan2's ghost, novice MDEE


Innate Abilities, Weirdness & Mutations

((You are very nimble when in or above water. (Stealth+, EV+, Speed+++)))
Your lower body shifts to a powerful aquatic tail in water.


Message History

The fire dragon claws your two-headed ogre zombie!
The fire dragon tramples your two-headed ogre zombie!
Your two-headed ogre zombie holds its ground!
Your two-headed ogre zombie is destroyed!
Your two-headed ogre zombie hits the fire dragon but does no damage.
Your two-headed ogre zombie hits the fire dragon.
Your steam dragon zombie bites the fire dragon.
Your steam dragon zombie barely misses the fire dragon.
Reach: x) +5 halberd (flame)
Press: ? - help, Dir - move target, f/p - fire dragon
Aim: a fire dragon (heavily wounded, soul-gripped, not watching you, ally target, umbra, about 22% to evade your +5 halberd of flaming)
You reach to attack!
You catch the helpless fire dragon completely off-guard!
You hit the fire dragon.
The fire dragon is severely wounded.
Reach: x) +5 halberd (flame)
Press: ? - help, Dir - move target, f/p - fire dragon
Aim: a fire dragon (severely wounded, soul-gripped, ally target, umbra, about 22% to evade your +5 halberd of flaming)
You hit the fire dragon.
The fire dragon is severely wounded.
Your steam dragon zombie bites the fire dragon but does no damage.
Your steam dragon zombie barely misses the fire dragon.
The fire dragon breathes flames at you. The blast of flame misses you.
Reach: x) +5 halberd (flame)
Press: ? - help, Dir - move target, f/p - fire dragon
Aim: a fire dragon (severely wounded, soul-gripped, ally target, umbra, about 22% to evade your +5 halberd of flaming)
You closely miss the fire dragon.
The fire dragon is severely wounded.
Reach: x) +5 halberd (flame)
Press: ? - help, Dir - move target, f/p - fire dragon
Aim: a fire dragon (severely wounded, soul-gripped, ally target, umbra, about 22% to evade your +5 halberd of flaming)
You impale the fire dragon!! You burn the fire dragon.
The fire dragon is almost dead.
The fire dragon breathes flames at you. The blast of flame hits you!
You resist.
* * * LOW HITPOINT WARNING * * *
Your steam dragon zombie bites the fire dragon.
Your steam dragon zombie claws the fire dragon but does no damage.
Your two-headed ogre zombie barely misses the fire dragon.
Your two-headed ogre zombie hits the fire dragon but does no damage.
Reach: x) +5 halberd (flame)
Press: ? - help, Dir - move target, f/p - fire dragon
Aim: a fire dragon (almost dead, soul-gripped, not watching you, ally target, umbra, about 22% to evade your +5 halberd of flaming)
You puncture the fire dragon!
The fire dragon is almost dead.
The fire dragon breathes flames at you. The blast of flame hits you!!
You resist.
You die...
Your body rises from the dead as a mindless zombie.

.!.$..$.♣..≈≈§≈
♣.P.♣.P[.$♣.≈§
..!.$!..$÷[.♣
.♣.......♣[.♣ ≈≈
..$.....P...♣
#≈§.♣...........♣ ≈≈≈°≈
#≈≈ ♣♣♣♣♣....♣♣≈§§≈§§§§
#≈♣♣♣..♣♣).♣♣♣≈§§≈§§≈§≈
#≈≈≈♣♣@DZ.♣♣§≈≈§§§§≈≈≈○
#≈§§≈..Z♣♣♣§≈≈○≈≈≈≈§§≈§ ##
#≈≈≈...♣♣§≈○≈○≈§§§≈≈≈≈§
.P.♣≈§...§§≈≈≈≈≈≈≈§♣§P.♣.§
...P§♣..♣§§≈≈≈≈≈≈≈.§....§§
#P§§≈§....§§≈≈≈≈P.P.......
#♣P≈≈....♣.≈≈≈≈♣.Z..♣..♣♣.
§≈≈≈≈≈.....♣......P≈....♣.
≈≈≈≈≈≈≈♣.....♣...♣≈Z≈§.♣♣.


You could see a fire dragon (soul-gripped, catching breath, ally target), a
friendly steam dragon zombie and a friendly two-headed ogre zombie.

Vanquished Creatures
  Harold (D:11)
  2 two-headed ogres
  A cyclops (D:11)
  Maurice (D:8)
  A salamander (Volcano)
  2 komodo dragons (Volcano)
  2 trolls
  3 blink frogs (Lair:1)
  14 yaks
  7 wyverns
  3 fire bats (Volcano)
  5 steam dragons
  Pargi (Sewer)
  4 orc warriors
  4 sky beasts
  3 black bears
  An ice beast (D:5)
  5 ogres
  4 wolves
  3 centaurs
  3 kobold brigands
  4 bullfrogs
  A brain worm (Sewer)
  3 scorpions
  6 wights
  9 killer bees
  5 howler monkeys
  A bombardier beetle (D:5)
  6 hounds
  7 orc priests
  A gnoll bouda (D:7)
  5 jellies
  2 iguanas
  2 sleepcaps
  15 orc wizards
  10 adders
  29 gnolls
  A white imp (D:6)
  2 ufetubi
  2 dart slugs (D:1)
  3 ribbon worms
  47 orcs
  6 endoplasms
  5 giant cockroaches
  4 hobgoblins
  4 jackals (D:1)
  2 quokkas
  11 ball pythons
  5 bats
  5 frilled lizards
  5 goblins
  18 kobolds
  6 rats
302 creatures vanquished.

Vanquished Creatures (collateral kills)
  2 two-headed ogres
  2 salamanders (Volcano)
  An unseen horror (D:10)
  A komodo dragon (Volcano)
  A troll (D:10)
  3 fire bats (Volcano)
  Grum (D:9)
  A steam dragon (Volcano)
  A wyvern (Volcano)
  8 yaks
  A sky beast (D:11)
  A centaur (D:11)
  A bullfrog (D:7)
  A gnoll sergeant (D:10)
  An orc wizard (D:11)
  4 gnolls
  9 orcs
  A gnoll zombie (D:7)
  6 kobolds
46 creatures vanquished.

Vanquished Creatures (others)
  A spectral two-headed ogre (Volcano)
  A two-headed ogre zombie (Volcano)
  3 fire bat zombies (Volcano)
  A human zombie (D:11)
  A komodo dragon zombie (Volcano)
  A salamander zombie (Volcano)
  4 wyvern zombies
  2 yak zombies (D:9)
  A troll zombie (D:10)
  A wolf zombie (D:9)
  A centaur zombie (D:11)
  2 bullfrog zombies
  2 killer bee zombies
  2 ogre zombies (Volcano)
  A vine stalker zombie (D:8)
  A sky beast zombie (D:11)
  A howler monkey zombie (D:8)
  A jelly zombie (D:7)
  13 orc zombies
  5 gnoll zombies
  8 kobold zombies
53 creatures vanquished.

Grand Total: 401 creatures vanquished

Notes
Turn   | Place    | Note
-------+----------+-------------------------------------------
     0 | D:1      | GeoRichter the Merfolk Shapeshifter began the quest for the
                  | Orb.
     0 | D:1      | Reached XP level 1. HP: 15/15 MP: 1/1
   221 | D:1      | Found Gyruekkoroi's Weapon Shop.
   227 | D:1      | Reached XP level 2. HP: 18/22 MP: 2/2
   439 | D:1      | Reached XP level 3. HP: 27/29 MP: 3/3
   681 | D:1      | Found a faded altar of an unknown god.
  1283 | D:2      | Reached skill level 1 in Polearms
  1283 | D:2      | Reached XP level 4. HP: 15/37 MP: 4/4
  1678 | D:2      | Found a blossoming altar of Fedhas.
  1924 | D:3      | Reached skill level 2 in Polearms
  1951 | D:3      | Reached skill level 3 in Polearms
  1951 | D:3      | Reached XP level 5. HP: 40/43 MP: 5/5
  1966 | D:3      | Reached skill level 4 in Polearms
  1979 | D:3      | Found a broken altar of Ashenzari.
  1988 | D:3      | Found a sacrificial altar of Ru.
  2223 | D:3      | Reached skill level 5 in Polearms
  2232 | D:3      | Found a glowing drain.
  2236 | Sewer    | Entered a sewer
  2242 | Sewer    | Reached XP level 6. HP: 49/49 MP: 6/6
  2387 | Sewer    | Reached skill level 6 in Polearms
  2427 | Sewer    | Noticed Pargi
  2470 | Sewer    | Killed Pargi
  2471 | Sewer    | Reached skill level 7 in Polearms
  2618 | D:3      | Reached XP level 7. HP: 39/51 MP: 7/7
  2694 | D:3      | HP: 2/52 [poisoned by a gnoll]
  3407 | D:4      | Reached skill level 8 in Polearms
  3541 | D:4      | Reached skill level 9 in Polearms
  3685 | D:4      | Found a bloodstained altar of Trog.
  4131 | D:4      | Found a shimmering blue altar of Sif Muna.
  4131 | D:4      | Found an ancient bone altar of Kikubaaqudgha.
  4133 | D:4      | Found a radiant altar of Vehumet.
  4138 | D:4      | Got Vehumet's Volume of Wounds
  4306 | D:5      | Entered Level 5 of the Dungeon
  4369 | D:5      | Reached skill level 10 in Polearms
  4369 | D:5      | Reached XP level 8. HP: 56/61 MP: 8/8
  4704 | D:5      | Reached skill level 5 in Fighting
  4704 | D:5      | Reached skill level 11 in Polearms
  5215 | D:6      | Reached skill level 5 in Dodging
  5218 | D:6      | Reached XP level 9. HP: 42/69 MP: 9/9
  5265 | D:6      | Reached skill level 12 in Polearms
  6017 | D:6      | Found a staircase to the Ecumenical Temple.
  6027 | Temple   | Entered the Ecumenical Temple
  6032 | Temple   | Became a worshipper of Yredelemnul the Fallen
  6525 | D:7      | Reached skill level 13 in Polearms
  6634 | D:7      | Found a runed translucent door.
  6635 | D:7      | Noticed balagan2's ghost (novice MDEE)
  6798 | D:7      | Found a blossoming altar of Fedhas.
  6813 | D:7      | Reached * piety under Yredelemnul
  7118 | D:8      | Noticed a two-headed ogre
  7172 | D:8      | Killed a two-headed ogre
  7173 | D:8      | Reached skill level 14 in Polearms
  7173 | D:8      | Reached XP level 10. HP: 79/79 MP: 10/10
  7647 | D:8      | Noticed Maurice
  7649 | D:8      | Paralysed by something for 3 turns
  7665 | D:8      | Something stole a +3 spear of freezing
  7666 | D:8      | Paralysed by something for 5 turns
  7668 | D:8      | Something stole a beast talisman
  7669 | D:8      | Something stole 3 throwing nets {!f}
  7670 | D:8      | Something stole 658 gold
  7675 | D:8      | Paralysed by something for 3 turns
  7693 | D:8      | Killed Maurice
  7694 | D:8      | Reached skill level 1 in Invocations
  7872 | D:8      | Your ally Maurice died
  7881 | D:8      | HP: 2/70 [wight/+0 halberd (13)]
  8520 | D:9      | Reached ** piety under Yredelemnul
  8521 | D:9      | Reached skill level 15 in Polearms
  8667 | D:9      | Noticed Grum
  8674 | D:9      | Killed Grum
  8882 | D:9      | Reached XP level 11. HP: 87/87 MP: 13/13
  8896 | D:9      | Reached skill level 16 in Polearms
  9070 | D:9      | Reached skill level 1 in Evocations
  9151 | D:9      | Found a glowing silver altar of Zin.
  9438 | D:10     | Entered Level 10 of the Dungeon
  9584 | D:10     | Reached *** piety under Yredelemnul
  9742 | D:10     | Reached skill level 5 in Invocations
  9755 | D:10     | Noticed a two-headed ogre
  9769 | D:10     | Killed a two-headed ogre
  9947 | D:10     | Found a hide-covered altar of Uskayaw.
 10601 | D:11     | Noticed Harold
 10612 | D:11     | Killed Harold
 10613 | D:11     | Reached skill level 5 in Evocations
 10848 | D:11     | Noticed a cyclops
 10871 | D:11     | Killed a cyclops
 11161 | D:11     | Reached skill level 1 in Armour
 11171 | D:11     | Reached skill level 10 in Fighting
 11271 | D:11     | Your ally Harold died
 11276 | D:11     | Reached **** piety under Yredelemnul
 11558 | D:11     | Found a staircase to the Lair.
 11743 | D:11     | Reached XP level 12. HP: 97/97 MP: 17/17
 11803 | D:11     | Identified the +2 chain mail of Zenaistexi {rF+}
 12096 | Lair:1   | Entered Level 1 of the Lair of Beasts
 12182 | Lair:1   | Found a dark tunnel.
 12243 | Volcano  | Entered a volcano
 12244 | Volcano  | Noticed a two-headed ogre
 12251 | Volcano  | Killed a two-headed ogre
 12251 | Volcano  | Bound a two-headed ogre
 12588 | Volcano  | Reached skill level 10 in Dodging
 12590 | Volcano  | Noticed a two-headed ogre
 12663 | Volcano  | Killed a two-headed ogre
 12757 | Volcano  | Noticed a fire dragon
 12758 | Volcano  | Noticed a two-headed ogre
 12776 | Volcano  | Killed a two-headed ogre
 12783 | Volcano  | Killed from afar by a fire dragon

Illustrated notes

Levels and vault maps discovered:
D:1:      minmay_arrival_open_corners, layout_basic, basic_ecumenical_altar,
          serial_shops, shop
D:2:      kennysheep_big_flooded_room, layout_loops_ring, basic_altar,
          grunt_decor_mini_mirrors, minmay_misc_feat_more_columns,
          minmay_misc_feat_roman
D:3:      layout_rooms, jmf_multi_god_temple,
          mainiacjoe_sewer_entry_somewhere_in_here_2, kennysheep_nondescript
D:4:      layout_loops_corners, grunt_temple_overflow_magic_moments,
          trog_ov_bears_minmay
D:5:      layout_basic
D:6:      layout_basic, temple_fountains, grunt_potential
D:7:      layout_rooms, mainiacjoe_overflow_brackets, gammafunk_ghost_grave,
          corexii_item_surrounded_by_moat, chequers_serial_rivers_small_3,
          small_statue_intersection, amcnicky_mini_rare_corridor_liquid
D:8:      layout_basic, minivault_22, uniq_maurice
D:9:      kennysheep_steamy, layout_irregular_city, zin_academy,
          grunt_ogre_cave, hangedman_decor_lopped, uniq_grum
D:10:     layout_gridville, nicolae_uskayaw_dance_hall, minmay_liquid_box
D:11:     layout_gridville, erik_lair_orcish_takeover,
          hangedman_abyss_or_decor_passed, serial_bayou_pond_a,
          hangedman_misty_isle, uniq_harold
Temple:   nicolae_temple_ecumenical_triangle
Lair:1:   layout_roguey, nicolae_volcano_entry_s_turn, minivault_19
Volcano:  pf_volcano_lost_world

Skill      XL: |  1  2  3  4  5  6  7  8  9 10 11 12 |
---------------+-------------------------------------+-----
Fighting       | 2 3 4 5 7 8 10 11 | 11.0
Polearms       | 1 3 5 7 10 11 14 15 16 | 16.0
Dodging        | 5 7 8 9 10 | 10.4
Invocations    | 3 6 8 |  8.1
Evocations     | 5 |  5.0
Armour         | 1 3 |  3.4
Unarmed Combat | |  3.2
Shapeshifting  | |  4.0

Action                     |  1- 3 |  4- 6 |  7- 9 | 10-12 || total
---------------------------+-------+-------+-------+-------++-------
  Melee: Short sword       |   104 |       |       |       ||   104
         Unarmed           |     7 |       |       |       ||     7
         Spear             |       |   230 |   312 |       ||   542
         Tailslap          |       |     8 |       |     3 ||    11
         Halberd           |       |       |    79 |   406 ||   485
  Throw: Throwing net      |       |       |     1 |     1 ||     2
 Invoke: Light the Black T |       |       |     2 |     4 ||     6
         Hurl Torchlight   |       |       |       |     2 ||     2
         Bind Soul         |       |       |       |     2 ||     2
Ability: Begin Untransform |       |       |       |     1 ||     1
    Use: Scroll            |       |       |     8 |    10 ||    18
         Potion            |       |       |       |     6 ||     6
   Stab: Sleeping          |     2 |     1 |       |       ||     3
         Held in net/web   |       |       |     1 |       ||     1
         Distracted        |       |       |     1 |     8 ||     9
 Armour: Animal skin       |    30 |       |       |       ||    30
         Leather armour    |    26 |       |       |       ||    26
         Ring mail         |    22 |    99 |   131 |   181 ||   433
  Dodge: Dodged            |    69 |   102 |    87 |   190 ||   448

Table legend: (Time is in decaauts)
 A = Elapsed time spent in this place.
 B = Non-inter-level travel time spent in this place.
 C = Inter-level travel time spent in this place.
 D = Time resting spent in this place.
 E = Time spent auto-exploring this place.
 F = Levels seen in this place.
 G = Mean time per level.
                   A        B        C        D        E       F      G
               +--------+--------+--------+--------+--------+-----+--------+
         Total |  12441 |  11889 |    552 |    618 |   8622 |  15 |  829.4 |
       Dungeon |  11485 |  10937 |    548 |    495 |   8134 |  11 | 1044.1 |
        Temple |     10 |      6 |      4 |      0 |      0 |   1 |   10.0 |
          Lair |    140 |    140 |      0 |     54 |      0 |   1 |  140.0 |
         Sewer |    288 |    288 |      0 |      0 |    205 |   1 |  288.0 |
       Volcano |    517 |    517 |      0 |     69 |    283 |   1 |  517.0 |
               +--------+--------+--------+--------+--------+-----+--------+

Top non-repeatable levels by time:
    D:11: 1470 daAuts
     D:6: 1383 daAuts
     D:8: 1245 daAuts
     D:9: 1101 daAuts
     D:4: 1076 daAuts
    D:10: 1050 daAuts
     D:1: 1008 daAuts
     D:3: 981 daAuts
     D:2: 906 daAuts
     D:5: 646 daAuts
     D:7: 615 daAuts
 Volcano: 517 daAuts
   Sewer: 288 daAuts
  Lair:1: 140 daAuts
  Temple: 10 daAuts
